SAAA
PENNSAUKEN FLYERS @ ELLENBURG FIGHTING DACHSUNDS
08/10/2027
 
TOP OF THE 1ST
Pennsauken Flyers batting - Pitching for Ellenburg Fighting Dachsunds : RHP Chance Wiley
Pitching: RHP Chance Wiley
Batting: LHB Vinski Prifti 0-0: Called Strike
0-1: Ball
1-1: Swinging Strike
1-2: SINGLE (Flyball, 8RS)
Batting: SHB Nuygen Vuong 0-0: Ball
1-0: Fly out, F8 (Flyball, 8LM)
Batting: RHB José Rodríguez 0-0: Ball
Vinski Prifti steals 2nd base
1-0: Called Strike
1-1: Called Strike
1-2: Ball
2-2: Foul Ball, location: 2F
2-2: Ground out 6-3 (Groundball, 6S)
Vinski Prifti to third
Batting: RHB Byron Isaacson 0-0: Swinging Strike
0-1: Fly out, F7 (Flyball, 7LM)
Top of the 1st over - 0 run(s), 1 hit(s), 0 error(s), 1 left on base; Pennsauken 0 - Ellenburg 0
BOTTOM OF THE 1ST
Ellenburg Fighting Dachsunds batting - Pitching for Pennsauken Flyers : RHP Seong-rae Park
Pitching: RHP Seong-rae Park
Batting: LHB José Ortega 0-0: Foul Ball, location: 2F
0-1: Ground out 6-3 (Groundball, 6)
Batting: RHB José Vázquez 0-0: Reached on error, E5 (Groundball, 5)
Batting: SHB Ken Osborne 0-0: Ball
1-0: Swinging Strike
1-1: Ball
2-1: Ball
3-1: Base on Balls
Batting: RHB Juan Ramos 0-0: SINGLE (Line Drive, 6MD)
José Vázquez to third
Ken Osborne to second
Batting: LHB Locke Lamora 0-0: Ball
1-0: Called Strike
1-1: Called Strike
1-2: Strikes out swinging
Batting: RHB Gonzalo Sánchez 0-0: Called Strike
0-1: Ball
1-1: Ball
2-1: SINGLE (Groundball, 6D)
José Vázquez scores
Ken Osborne to third
Juan Ramos to second
Runner from 3rd tries for Home, SAFE, no throw
Batting: RHB Francis Kelly 0-0: Ball
1-0: Ball
2-0: Foul Ball, location: 2F
2-1: Ball
3-1: Called Strike
3-2: Strikes out swinging
Bottom of the 1st over - 2 run(s), 2 hit(s), 1 error(s), 2 left on base; Pennsauken 0 - Ellenburg 2
TOP OF THE 2ND
Pennsauken Flyers batting - Pitching for Ellenburg Fighting Dachsunds : RHP Chance Wiley
Batting: RHB Dave Stockman 0-0: Ball
1-0: Fly out, F6 (Popup, 6D)
Batting: LHB Tim Hargrove 0-0: Ball
1-0: SINGLE (Groundball, 3D)
Batting: SHB Bob Lambert 0-0: Called Strike
0-1: Foul Ball, location: 2F
0-2: Ball
1-2: Fly out, F7 (Flyball, 78S)
Batting: RHB Abdul-Fattah bin Najjar 0-0: Called Strike
0-1: Swinging Strike
0-2: Ball
1-2: Foul Ball, location: 2F
1-2: Ball
2-2: Ball
3-2: SINGLE (Groundball, 15S) (infield hit)
Tim Hargrove to second
Batting: RHB Clarence Therrien 0-0: Ball
1-0: Ball
2-0: Ball
3-0: Base on Balls
Tim Hargrove to third
Abdul-Fattah bin Najjar to second
Batting: LHB Vinski Prifti 0-0: Called Strike
0-1: Fly out, F9 (Flyball, 89M)
Top of the 2nd over - 0 run(s), 2 hit(s), 0 error(s), 3 left on base; Pennsauken 0 - Ellenburg 2
BOTTOM OF THE 2ND
Ellenburg Fighting Dachsunds batting - Pitching for Pennsauken Flyers : RHP Seong-rae Park
Batting: RHB Meka Knight 0-0: Swinging Strike
0-1: Ball
1-1: Foul Ball, location: 2F
1-2: Ball
2-2: Ball
3-2: Fly out, F4 (Popup, 34D)
Batting: RHB Marty Jennings 0-0: Called Strike
0-1: Ball
1-1: SOLO HOME RUN (Flyball, 7LD), Distance : 372 ft
Batting: LHB José Ortega 0-0: Ball
1-0: Ground out U3 (Groundball, 3)
Batting: RHB José Vázquez 0-0: Called Strike
0-1: Ball
1-1: Foul Ball, location: 2F
1-2: Strikes out swinging
Bottom of the 2nd over - 1 run(s), 1 hit(s), 0 error(s), 0 left on base; Pennsauken 0 - Ellenburg 3
TOP OF THE 3RD
Pennsauken Flyers batting - Pitching for Ellenburg Fighting Dachsunds : RHP Chance Wiley
Batting: SHB Nuygen Vuong 0-0: Fly out, F8 (Line Drive, 78D)
Batting: RHB José Rodríguez 0-0: Foul Ball, location: 2F
0-1: Fly out, F6 (Line Drive, 6)
Batting: RHB Byron Isaacson 0-0: Ball
1-0: Called Strike
1-1: Fly out, F5 (Popup, 56)
Top of the 3rd over - 0 run(s), 0 hit(s), 0 error(s), 0 left on base; Pennsauken 0 - Ellenburg 3
BOTTOM OF THE 3RD
Ellenburg Fighting Dachsunds batting - Pitching for Pennsauken Flyers : RHP Seong-rae Park
Batting: SHB Ken Osborne 0-0: Ball
1-0: Ball
2-0: Called Strike
2-1: Ball
3-1: Base on Balls
Batting: RHB Juan Ramos 0-0: Ball
1-0: Ball
2-0: Called Strike
2-1: Ball
3-1: Swinging Strike
3-2: Base on Balls
Ken Osborne to second
Batting: LHB Locke Lamora 0-0: Called Strike
0-1: Ball
1-1: Swinging Strike
1-2: Ball
2-2: Ball
3-2: Base on Balls
Ken Osborne to third
Juan Ramos to second
Batting: RHB Gonzalo Sánchez 0-0: Called Strike
0-1: Ball
1-1: Fly out, F9 (Flyball, 89S)
Batting: RHB Francis Kelly 0-0: Fly out, F7 (Flyball, 78S)
Batting: RHB Meka Knight 0-0: Fly out, F7 (Flyball, 7LMF)
Bottom of the 3rd over - 0 run(s), 0 hit(s), 0 error(s), 3 left on base; Pennsauken 0 - Ellenburg 3
TOP OF THE 4TH
Pennsauken Flyers batting - Pitching for Ellenburg Fighting Dachsunds : RHP Chance Wiley
Batting: RHB Dave Stockman 0-0: Ball
1-0: Foul Ball, location: 2F
1-1: Fly out, F7 (Flyball, 7LD)
Batting: LHB Tim Hargrove 0-0: Called Strike
0-1: Foul Ball, location: 2F
0-2: Ball
1-2: Ball
2-2: Ground out 1-3 (Groundball, P)
Batting: SHB Bob Lambert 0-0: Called Strike
0-1: Ball
1-1: Swinging Strike
1-2: Reached on error, E6 (Groundball, 6D)
Batting: RHB Abdul-Fattah bin Najjar 0-0: Ball
1-0: Ball
Bob Lambert is caught stealing 2nd base
Top of the 4th over - 0 run(s), 0 hit(s), 1 error(s), 0 left on base; Pennsauken 0 - Ellenburg 3
BOTTOM OF THE 4TH
Ellenburg Fighting Dachsunds batting - Pitching for Pennsauken Flyers : RHP Seong-rae Park
Batting: RHB Marty Jennings 0-0: Called Strike
0-1: Fly out, F8 (Flyball, 8RS)
Batting: LHB José Ortega 0-0: Called Strike
0-1: Foul Ball, location: 2F
0-2: Ball
1-2: Ball
2-2: Foul Ball, location: 2F
2-2: Ball
3-2: Strikes out looking
Batting: RHB José Vázquez 0-0: Called Strike
0-1: Foul Ball, location: 2F
0-2: Strikes out swinging
Bottom of the 4th over - 0 run(s), 0 hit(s), 0 error(s), 0 left on base; Pennsauken 0 - Ellenburg 3
TOP OF THE 5TH
Pennsauken Flyers batting - Pitching for Ellenburg Fighting Dachsunds : RHP Chance Wiley
Batting: RHB Abdul-Fattah bin Najjar 0-0: Ball
1-0: Ball
2-0: Called Strike
2-1: Swinging Strike
2-2: Fly out, F9 (Flyball, 89S)
Batting: RHB Clarence Therrien 0-0: Foul Ball, location: 2F
0-1: Called Strike
0-2: Ball
1-2: Strikes out swinging
Batting: LHB Vinski Prifti 0-0: Foul Ball, location: 2F
0-1: Single, Error in OF, E7, batter to second base
Batting: SHB Nuygen Vuong 0-0: Ball
1-0: Ball
2-0: Called Strike
2-1: Foul Ball, location: 2F
2-2: Ground out 4-3 (Groundball, 4)
Top of the 5th over - 0 run(s), 1 hit(s), 1 error(s), 1 left on base; Pennsauken 0 - Ellenburg 3
BOTTOM OF THE 5TH
Ellenburg Fighting Dachsunds batting - Pitching for Pennsauken Flyers : RHP Seong-rae Park
Batting: SHB Ken Osborne 0-0: SINGLE (Line Drive, 8RS)
Batting: RHB Juan Ramos 0-0: Ball
1-0: Foul Ball, location: 2F
1-1: Ball
2-1: SINGLE (Groundball, 56S) (infield hit)
Ken Osborne to second
Batting: LHB Locke Lamora 0-0: Fly out, F5 (Popup, 56S)
Batting: RHB Gonzalo Sánchez 0-0: Ball
1-0: Fly out, F1 (Line Drive, 13)
Batting: RHB Francis Kelly 0-0: Foul Ball, location: 2F
0-1: Ball
1-1: Swinging Strike
1-2: Strikes out looking
Bottom of the 5th over - 0 run(s), 2 hit(s), 0 error(s), 2 left on base; Pennsauken 0 - Ellenburg 3
TOP OF THE 6TH
Pennsauken Flyers batting - Pitching for Ellenburg Fighting Dachsunds : RHP Chance Wiley
Batting: RHB José Rodríguez 0-0: Ground out 5-3 (Groundball, 56S)
Batting: RHB Byron Isaacson 0-0: Foul Ball, location: 2F
0-1: Ball
1-1: Foul Ball, location: 2F
1-2: Foul Ball, location: 2F
1-2: Ball
2-2: Ball
3-2: SOLO HOME RUN (Flyball, 7D), Distance : 387 ft
Batting: RHB Dave Stockman 0-0: Fly out, F9 (Flyball, 9)
Batting: LHB Tim Hargrove 0-0: Called Strike
0-1: Fly out, F7 (Flyball, 7)
Top of the 6th over - 1 run(s), 1 hit(s), 0 error(s), 0 left on base; Pennsauken 1 - Ellenburg 3
BOTTOM OF THE 6TH
Ellenburg Fighting Dachsunds batting - Pitching for Pennsauken Flyers : RHP Seong-rae Park
Batting: RHB Meka Knight 0-0: Fly out, F7 (Flyball, 7S)
Batting: RHB Marty Jennings 0-0: Ground out 5-3 (Groundball, 56S)
Batting: LHB José Ortega 0-0: Ball
1-0: Ball
2-0: Ball
3-0: Base on Balls
Batting: RHB José Vázquez 0-0: Ball
1-0: Ball
2-0: Fly out, F9 (Flyball, 9LM)
Bottom of the 6th over - 0 run(s), 0 hit(s), 0 error(s), 1 left on base; Pennsauken 1 - Ellenburg 3
TOP OF THE 7TH
Pennsauken Flyers batting - Pitching for Ellenburg Fighting Dachsunds : RHP Chance Wiley
Batting: SHB Bob Lambert 0-0: Ball
1-0: Foul Ball, location: 2F
1-1: Ball
2-1: Called Strike
2-2: Strikes out swinging
Batting: RHB Abdul-Fattah bin Najjar 0-0: Called Strike
0-1: Foul Ball, location: 2F
0-2: Fly out, F8 (Flyball, 8LM)
Batting: RHB Clarence Therrien 0-0: Ball
1-0: Ball
2-0: Foul Ball, location: 2F
2-1: Fly out, F9 (Flyball, 9LSF)
Top of the 7th over - 0 run(s), 0 hit(s), 0 error(s), 0 left on base; Pennsauken 1 - Ellenburg 3
BOTTOM OF THE 7TH
Ellenburg Fighting Dachsunds batting - Pitching for Pennsauken Flyers : RHP Seong-rae Park
Batting: SHB Ken Osborne 0-0: Ball
1-0: Ball
2-0: Swinging Strike
2-1: Foul Ball, location: 2F
2-2: Strikes out swinging, 2-3 out at first.
Batting: RHB Juan Ramos 0-0: Ball
1-0: Called Strike
1-1: Foul Ball, location: 2F
1-2: Ball
2-2: SOLO HOME RUN (Flyball, 7D), Distance : 394 ft
Batting: LHB Locke Lamora 0-0: Called Strike
0-1: Fly out, F8 (Flyball, 8RS)
Batting: RHB Gonzalo Sánchez 0-0: Ball
1-0: Called Strike
1-1: Swinging Strike
1-2: Foul Ball, location: 2F
1-2: Ball
2-2: Fly out, F8 (Line Drive, 78XD)
Bottom of the 7th over - 1 run(s), 1 hit(s), 0 error(s), 0 left on base; Pennsauken 1 - Ellenburg 4
TOP OF THE 8TH
Pennsauken Flyers batting - Pitching for Ellenburg Fighting Dachsunds : RHP Chance Wiley
Batting: LHB Vinski Prifti 0-0: Ball
1-0: Ground out 1-3 (Groundball, 15S)
Batting: SHB Nuygen Vuong 0-0: Called Strike
0-1: Ground out U3 (Groundball, 3)
Batting: RHB José Rodríguez 0-0: Ball
1-0: Swinging Strike
1-1: Swinging Strike
1-2: Ball
2-2: Fly out, F5 (Line Drive, 5S)
Top of the 8th over - 0 run(s), 0 hit(s), 0 error(s), 0 left on base; Pennsauken 1 - Ellenburg 4
BOTTOM OF THE 8TH
Ellenburg Fighting Dachsunds batting - Pitching for Pennsauken Flyers : RHP Seong-rae Park
Pitching: RHP Manny Hernández
Batting: RHB Francis Kelly 0-0: Foul Ball, location: 2F
0-1: Called Strike
0-2: Strikes out swinging
Batting: RHB Meka Knight 0-0: Called Strike
0-1: Ball
1-1: Fly out, F7 (Flyball, 7S)
Batting: RHB Marty Jennings 0-0: Called Strike
0-1: Ground out 6-3 (Groundball, 6)
Bottom of the 8th over - 0 run(s), 0 hit(s), 0 error(s), 0 left on base; Pennsauken 1 - Ellenburg 4
TOP OF THE 9TH
Pennsauken Flyers batting - Pitching for Ellenburg Fighting Dachsunds : RHP Chance Wiley
Pitching: LHP An Jang-Yop
Batting: RHB Byron Isaacson 0-0: Ball
1-0: Ball
2-0: Ball
3-0: Base on Balls
Batting: RHB Dave Stockman 0-0: Called Strike
0-1: Swinging Strike
0-2: Ball
1-2: Ball
2-2: Ball
3-2: Strikes out looking
Batting: LHB Tim Hargrove 0-0: Ball
1-0: Foul Ball, location: 2F
1-1: Foul Ball, location: 2F
1-2: Strikes out swinging
Batting: SHB Bob Lambert 0-0: Ball
1-0: Called Strike
1-1: SINGLE (Groundball, 6MD)
Byron Isaacson to second
Batting: RHB Abdul-Fattah bin Najjar 0-0: Called Strike
0-1: Ball
1-1: Fielders Choice at 2nd, 6-4 (Groundball, 6)
Top of the 9th over - 0 run(s), 1 hit(s), 0 error(s), 1 left on base; Pennsauken 1 - Ellenburg 4
Saturday, May 26th, 2018 - OOTP Baseball 17.12 Build 75